Sewer Rats vs Demolitions
Created - 2 mai 2013 at 22:49
Goals
|
| Sewer Rats |
0 |
1 |
0 |
1 |
| Demolitions |
1 |
3 |
2 |
6 |
|
Shots
|
| Sewer Rats |
9 |
17 |
6 |
32 |
| Demolitions |
5 |
11 |
14 |
30 |
|
1st period
1. Demolitions , Brandon Bochenski 31 (Dennis Seidenberg, Troy Brouwer) at 15:09
Penalties :
No Penalty
2nd period
2. Demolitions , Anssi Salmela 4 (Troy Brouwer, Brandon Bochenski) at 0:49 (PP)
3. Demolitions , Brandon Bochenski 32 (Troy Brouwer, Ryan Craig) at 3:49
4. Demolitions , Brandon Bochenski 33 (Troy Brouwer, Antero Niittymaki) at 10:05 (PP)
5. Sewer Rats , Eric Fehr 46 (Derick Brassard) at 12:39
Penalties :
Max Pacioretty (Tol) for Roughing (Minor) at 0:08, Brad Richardson (Vic) for Boarding (Minor) at 5:27, Steven Kampfer (Tol) for Tripping (Minor) at 9:53, Taylor Chorney (Vic) for Roughing (Minor) at 12:23, Bryan Little (Tol) for Interference (Minor) at 12:23, John-Michael Liles (Tol) for Tripping (Minor) at 19:39
3rd period
6. Demolitions , Anthony Stewart 21 (Dennis Seidenberg, Brad Richardson) at 4:01 (PP)
7. Demolitions , Petr Vrana 15 (Marc-André Bernier, Brandon Bochenski) at 8:52
Penalties :
Troy Brouwer (Vic) for Holding (Minor) at 1:03, Lars Eller (Tol) for Roughing (Minor) at 3:21, Mike Rathje (Tol) for Hooking (Minor) at 10:33, Anssi Salmela (Vic) for Holding (Minor) at 14:10, Bryan Little (Tol) for Elbowing (Minor) at 15:10, Troy Brouwer (Vic) for Hooking (Minor) at 18:17
Goalie Stats
Jonas Gustavsson (Tol), 9 saves from 13 shots - (0,692), L, 25-16-3, 30:05 minutes
Jhonas Enroth (Tol), 15 saves from 17 shots - (0,882), 29:55 minutes
Antero Niittymaki (Vic), 31 saves from 32 shots - (0,969), W, 26-23-3, 60:00 minutes
Players Stats for Sewer Rats
Player Name G A P +/- PIM S H SB GA TA FO MP PP MP PK MP
------------------------------------------------------------------------------------
Brandon Sutter 0 0 0 0 0 0 1 2 0 0 5/15 13:23 0:15 4:39
Bryan Little 0 0 0 -2 4 3 1 0 0 1 14/39 19:23 3:05 0:40
Derek Dorsett 0 0 0 0 0 3 1 0 1 0 0/0 7:42 0:00 0:00
Derick Brassard 0 1 1 0 0 3 1 0 1 0 13/16 17:52 2:44 0:02
Eric Fehr 1 0 1 0 0 3 4 1 1 0 0/0 18:05 2:55 0:02
John Erskine 0 0 0 -1 0 1 1 3 0 1 0/0 17:58 0:00 4:27
John-Michael Liles 0 0 0 -1 2 4 4 2 0 0 0/0 21:33 3:22 0:46
Jonathan Paiement 0 0 0 -2 0 0 1 0 0 0 0/0 12:13 0:00 1:57
Kyle Okposo 0 0 0 -2 0 0 1 0 0 2 0/0 19:15 2:58 0:00
Kyle Quincey 0 0 0 0 0 3 3 0 1 1 0/0 18:04 3:31 0:34
Lars Eller 0 0 0 0 2 0 0 0 0 0 0/1 7:41 0:00 0:00
Mark Mancari 0 0 0 0 0 1 1 0 1 1 0/0 9:41 0:12 0:41
Matt Lashoff 0 0 0 -1 0 1 1 0 1 0 0/0 20:27 0:16 3:26
Max Pacioretty 0 0 0 -2 2 3 2 0 0 0 1/1 18:59 3:06 0:00
Mike Rathje 0 0 0 1 2 0 1 1 2 0 0/0 22:34 2:34 0:42
Niko Dimitrakos 0 0 0 0 0 0 0 0 0 0 0/1 5:11 0:00 4:27
Pat Rissmiller 0 0 0 -1 0 3 3 0 0 0 0/0 15:41 2:45 0:20
Steven Kampfer 0 0 0 0 2 0 0 0 0 0 0/0 7:19 2:34 0:00
Ville Leino 0 0 0 0 0 3 2 0 1 0 0/0 8:36 0:07 0:00
Vojtech Polak 0 0 0 0 0 1 1 0 0 0 0/0 8:47 0:00 1:01
Players Stats for Demolitions
Player Name G A P +/- PIM S H SB GA TA FO MP PP MP PK MP
------------------------------------------------------------------------------------
Anssi Salmela 1 0 1 0 2 2 0 4 0 1 0/0 23:04 1:27 2:51
Anthony Stewart 1 0 1 0 0 7 1 1 2 0 4/6 19:20 3:23 1:13
Brad Richardson 0 1 1 -1 2 4 4 3 1 1 21/42 26:04 3:36 2:23
Brandon Bochenski 3 2 5 2 0 5 2 1 0 0 0/0 16:18 2:20 0:00
Dennis Seidenberg 0 2 2 2 0 3 6 0 0 2 0/0 31:35 3:44 3:14
James Sheppard 0 0 0 0 0 0 1 0 0 0 0/2 6:56 0:00 0:19
Josh Beaulieu 0 0 0 0 0 0 0 0 0 0 0/0 1:57 0:00 1:12
Kyle Wharton 0 0 0 0 0 0 0 0 0 0 0/0 20:28 1:33 3:18
Marc-André Bernier 0 1 1 1 0 2 1 2 0 0 0/0 13:01 0:03 0:00
Marco Sturm 0 0 0 -1 0 1 2 0 0 0 1/1 22:06 3:36 3:21
Masi Marjamaki 0 0 0 0 0 0 0 1 0 0 0/0 7:01 0:00 0:19
Nicolas Blanchard 0 0 0 1 0 0 2 0 0 0 4/7 13:41 0:00 1:26
Petr Vrana 1 0 1 1 0 2 0 1 1 1 0/0 12:29 0:00 0:00
Robert Bortuzzo 0 0 0 0 0 0 0 0 0 0 0/0 13:03 0:58 0:00
Robert Klinkhammer 0 0 0 0 0 0 0 0 0 0 0/0 0:00 0:00 0:00
Ryan Craig 0 1 1 2 0 1 4 0 0 1 10/15 18:47 2:17 1:57
Taylor Chorney 0 0 0 2 2 0 1 5 0 1 0/0 28:27 4:23 2:47
Troy Brouwer 0 4 4 2 4 3 1 0 2 2 0/0 16:00 2:19 0:00
Vince Rocco 0 0 0 0 0 0 0 0 0 0 0/0 0:00 0:00 0:00
3 Stars
1 - Brandon Bochenski (Vic)
2 - Dennis Seidenberg (Vic)
3 - Antero Niittymaki (Vic)
Power Play
Sewer Rats - 0 on 4 Attempt(s) - 0,00%
Demolitions - 3 on 6 Attempt(s) - 50,00%
Penalty Kill
Sewer Rats - 3 on 6 Attempt(s) - 50,00%
- Score 0 goal in Penalty Kill
Demolitions - 4 on 4 Attempt(s) - 100,00%
- Score 0 goal in Penalty Kill
Official
Referees : Leggo Mike and Hasenfratz Mike
Linesman : Mark Wheler and Brian Murphy
Game Notes
15:09 of 1st period - Demolitions goal is going for a video replay. After video review, Goal.
Brandon Bochenski has scored a Hat Trick!
Jhonas Enroth enters game at 10:05 of 2nd period
Sewer Rats
5 vs 5 Forward
Center Left Wing Right Wing Time % Phy DF OF
1 Bryan Little Max Pacioretty Kyle Okposo 40 1 2 2
2 Derick Brassard Pat Rissmiller Eric Fehr 30 1 2 2
3 Brandon Sutter Ville Leino Mark Mancari 15 1 2 2
4 Lars Eller Vojtech Polak Derek Dorsett 15 1 2 2
5 vs 5 Defense
Defense Defense Time % Phy DF OF
1 John-Michael Liles Matt Lashoff 35 1 2 2
2 Mike Rathje Kyle Quincey 30 1 2 2
3 John Erskine Jonathan Paiement 25 1 2 2
4 Mike Rathje Steven Kampfer 10 1 2 2
PowerPlay Forward
Center Left Wing Right Wing Time % Phy DF OF
1 Bryan Little Max Pacioretty Eric Fehr 60 1 2 2
2 Derick Brassard Pat Rissmiller Kyle Okposo 40 1 2 2
PowerPlay Defense
Defense Defense Time % Phy DF OF
1 John-Michael Liles Kyle Quincey 60 1 2 2
2 Mike Rathje Steven Kampfer 40 1 2 2
Penalty Kill 4 Players Forward
Center Wing Time % Phy DF OF
1 Brandon Sutter Niko Dimitrakos 60 1 2 2
2 Bryan Little Vojtech Polak 40 1 2 2
Penalty Kill 4 Players Defense
Defense Defense Time % Phy DF OF
1 Matt Lashoff John Erskine 60 1 2 2
2 Jonathan Paiement Mike Rathje 40 1 2 2
Penalty Kill - 3 Players Forward
Forward Time % Phy DF OF
1 Bryan Little 60 1 2 2
2 Eric Fehr 40 1 2 2
Penalty Kill - 3 Players Defense
Defense Defense Time % Phy DF OF
1 Matt Lashoff John Erskine 60 1 2 2
2 Jonathan Paiement Mike Rathje 40 1 2 2
4 vs 4 Forward
Center Wing Time % Phy DF OF
1 Derick Brassard Eric Fehr 60 1 2 2
2 Bryan Little Niko Dimitrakos 40 1 2 2
4 vs 4 Defense
Defense Defense Time % Phy DF OF
1 Mike Rathje John Erskine 60 1 2 2
2 John-Michael Liles Matt Lashoff 40 1 2 2
Last Minutes Offensive
Center Left Wing Right Wing Defense Defense
Derick Brassard Max Pacioretty Kyle Okposo Mike Rathje John-Michael Liles
Last Minutes Defensive
Center Left Wing Right Wing Defense Defense
Bryan Little Pat Rissmiller Eric Fehr Mike Rathje John Erskine
Goaltenders
Starting : Jonas Gustavsson
Backup : Jhonas Enroth
Extra Forwards
Normal : Kyle Okposo, Max Pacioretty, Mark Mancari - PP : Kyle Okposo, Max Pacioretty - PK : Mark Mancari
Extra Defensemen
Normal : Kyle Quincey, Mike Rathje, Jonathan Paiement - PP : Kyle Quincey - PK : Mike Rathje, Jonathan Paiement
Penalty Shots
Kyle Okposo, Eric Fehr, Derick Brassard, Niko Dimitrakos, Max Pacioretty
Demolitions
5 vs 5 Forward
Center Left Wing Right Wing Time % Phy DF OF
1 Brad Richardson Marco Sturm Anthony Stewart 40 1 2 2
2 Ryan Craig Troy Brouwer Brandon Bochenski 30 1 2 2
3 Nicolas Blanchard Petr Vrana Marc-André Bernier 20 1 2 2
4 James Sheppard Masi Marjamaki Brad Richardson 10 1 2 2
5 vs 5 Defense
Defense Defense Time % Phy DF OF
1 Dennis Seidenberg Taylor Chorney 40 1 2 2
2 Anssi Salmela Kyle Wharton 30 1 2 2
3 Robert Bortuzzo Dennis Seidenberg 20 1 2 2
4 Taylor Chorney Anssi Salmela 10 1 2 2
PowerPlay Forward
Center Left Wing Right Wing Time % Phy DF OF
1 Brad Richardson Marco Sturm Anthony Stewart 60 1 2 2
2 Ryan Craig Troy Brouwer Brandon Bochenski 40 1 2 2
PowerPlay Defense
Defense Defense Time % Phy DF OF
1 Dennis Seidenberg Taylor Chorney 60 1 2 2
2 Anssi Salmela Kyle Wharton 40 1 2 2
Penalty Kill 4 Players Forward
Center Wing Time % Phy DF OF
1 Brad Richardson Marco Sturm 60 1 2 2
2 Anthony Stewart Ryan Craig 40 1 2 2
Penalty Kill 4 Players Defense
Defense Defense Time % Phy DF OF
1 Dennis Seidenberg Taylor Chorney 60 1 2 2
2 Anssi Salmela Kyle Wharton 40 1 2 2
Penalty Kill - 3 Players Forward
Forward Time % Phy DF OF
1 Brad Richardson 60 1 2 2
2 Marco Sturm 40 1 2 2
Penalty Kill - 3 Players Defense
Defense Defense Time % Phy DF OF
1 Dennis Seidenberg Taylor Chorney 60 1 2 2
2 Anssi Salmela Kyle Wharton 40 1 2 2
4 vs 4 Forward
Center Wing Time % Phy DF OF
1 Brad Richardson Marco Sturm 60 1 2 2
2 Anthony Stewart Ryan Craig 40 1 2 2
4 vs 4 Defense
Defense Defense Time % Phy DF OF
1 Dennis Seidenberg Taylor Chorney 60 1 2 2
2 Anssi Salmela Kyle Wharton 40 1 2 2
Last Minutes Offensive
Center Left Wing Right Wing Defense Defense
Brad Richardson Marco Sturm Anthony Stewart Dennis Seidenberg Taylor Chorney
Last Minutes Defensive
Center Left Wing Right Wing Defense Defense
Brad Richardson Marco Sturm Anthony Stewart Dennis Seidenberg Taylor Chorney
Goaltenders
Starting : Antero Niittymaki
Backup : Sergei Bobrovsky
Extra Forwards
Normal : Marc-André Bernier, Petr Vrana, Nicolas Blanchard - PP : Marc-André Bernier, Petr Vrana - PK : Nicolas Blanchard
Extra Defensemen
Normal : Robert Bortuzzo, Kyle Wharton, Dennis Seidenberg - PP : Robert Bortuzzo - PK : Kyle Wharton, Dennis Seidenberg
Penalty Shots
Brad Richardson, Marco Sturm, Anthony Stewart, Ryan Craig, Brandon Bochenski
% Time on Ice - Sewer Rats
Lines # - Real PCT - Wanted PCT - Time Play
Normal Forward
1 - 36% - 40% - 15:49
2 - 29% - 30% - 12:40
3 - 19% - 15% - 8:15
4 - 17% - 15% - 7:42
Normal Defense
1 - 36% - 35% - 16:08
2 - 31% - 30% - 13:45
3 - 22% - 25% - 9:53
4 - 11% - 10% - 4:40
PP Forward
1 - 55% - 60% - 3:20
2 - 45% - 40% - 2:45
PP Defense
1 - 53% - 60% - 3:15
2 - 47% - 40% - 2:50
PK Forward
1 - 83% - 60% - 4:55
2 - 17% - 40% - 1:01
PK Defense
1 - 57% - 60% - 3:24
2 - 43% - 40% - 2:32
PK3 Forward
1 - 0% - 60%
2 - 0% - 40%
PK3 Defense
1 - 0% - 60%
2 - 0% - 40%
44 Forward
1 - 79% - 60% - 2:49
2 - 21% - 40% - 0:44
44 Defense
1 - 74% - 60% - 2:38
2 - 26% - 40% - 0:55
Last Minute Offensive - 0:00
Last Minute Defensive - 0:00
Total
Forward - 60:00
Defense - 60:00
|
% Time on Ice - Demolitions
Lines # - Real PCT - Wanted PCT - Time Play
Normal Forward
1 - 28% - 40% - 12:34
2 - 31% - 30% - 13:42
3 - 26% - 20% - 11:33
4 - 15% - 10% - 6:37
Normal Defense
1 - 38% - 40% - 17:02
2 - 33% - 30% - 14:32
3 - 20% - 20% - 9:01
4 - 9% - 10% - 3:51
PP Forward
1 - 61% - 60% - 3:36
2 - 39% - 40% - 2:20
PP Defense
1 - 74% - 60% - 4:23
2 - 26% - 40% - 1:33
PK Forward
1 - 80% - 60% - 4:52
2 - 20% - 40% - 1:13
PK Defense
1 - 46% - 60% - 2:47
2 - 54% - 40% - 3:18
PK3 Forward
1 - 0% - 60%
2 - 0% - 40%
PK3 Defense
1 - 0% - 60%
2 - 0% - 40%
44 Forward
1 - 80% - 60% - 2:51
2 - 20% - 40% - 0:42
44 Defense
1 - 72% - 60% - 2:34
2 - 28% - 40% - 0:59
Last Minute Offensive - 0:00
Last Minute Defensive - 0:00
Total
Forward - 60:00
Defense - 60:00
|
Play by Play
1st period
0:01 of 1st period - Bryan Little wins face-off versus Brad Richardson in neutral zone.
0:25 of 1st period - Matt Lashoff is hit by Dennis Seidenberg.
0:56 of 1st period - Snap shot by Mark Mancari.
0:56 of 1st period - Shot Misses the Net.
0:58 of 1st period - Wrist shot by Ville Leino.
0:58 of 1st period - Shot Misses the Net.
1:10 of 1st period - Mike Rathje is hit by James Sheppard and loses puck.
2:08 of 1st period - Taylor Chorney is hit by Mark Mancari and loses puck.
2:35 of 1st period - Snap shot by Kyle Okposo.
2:35 of 1st period - Shot Blocked by Taylor Chorney.
3:02 of 1st period - Brandon Bochenski is hit by Eric Fehr and loses puck.
3:34 of 1st period - Petr Vrana is hit by John Erskine.
3:57 of 1st period - Brad Richardson is hit by John-Michael Liles and loses puck.
4:20 of 1st period - Taylor Chorney is hit by Ville Leino and loses puck.
4:43 of 1st period - James Sheppard is hit by Brandon Sutter and loses puck.
4:50 of 1st period - Snap shot by Mark Mancari.
4:50 of 1st period - Shot Misses the Net.
5:01 of 1st period - Brad Richardson is hit by Ville Leino and loses puck.
5:14 of 1st period - Slapshot by Ville Leino.
5:14 of 1st period - Stopped by Antero Niittymaki without a rebound.
5:15 of 1st period - Bryan Little wins face-off versus Ryan Craig in Demolitions zone.
5:32 of 1st period - Max Pacioretty is hit by Brandon Bochenski and loses puck.
5:47 of 1st period - Snap shot by Pat Rissmiller.
5:47 of 1st period - Shot Misses the Net.
5:49 of 1st period - Backhand shot by Kyle Quincey.
5:49 of 1st period - Shot Blocked by Marc-André Bernier.
5:51 of 1st period - Slapshot by John Erskine.
5:51 of 1st period - Shot Misses the Net.
5:53 of 1st period - Slapshot by John Erskine.
5:53 of 1st period - Shot Blocked by Marc-André Bernier.
6:37 of 1st period - Slapshot by Mike Rathje.
6:37 of 1st period - Shot Misses the Net.
8:40 of 1st period - Anthony Stewart is hit by Derek Dorsett.
9:00 of 1st period - Snap shot by Mark Mancari.
9:00 of 1st period - Shot Blocked by Brad Richardson.
9:50 of 1st period - Petr Vrana is hit by Eric Fehr and loses puck.
9:59 of 1st period - Anthony Stewart is hit by Pat Rissmiller and loses puck.
10:14 of 1st period - Backhand shot by Bryan Little.
10:14 of 1st period - Stopped by Antero Niittymaki with a rebound.
10:29 of 1st period - Snap shot by Derek Dorsett.
10:29 of 1st period - Shot Blocked by Anssi Salmela.
10:31 of 1st period - Wrist shot by Vojtech Polak.
10:31 of 1st period - Shot Misses the Net.
10:33 of 1st period - Slapshot by John-Michael Liles.
10:33 of 1st period - Stopped by Antero Niittymaki without a rebound.
10:34 of 1st period - Bryan Little wins face-off versus James Sheppard in Demolitions zone.
10:37 of 1st period - Snap shot by Bryan Little.
10:37 of 1st period - Stopped by Antero Niittymaki without a rebound.
10:38 of 1st period - Bryan Little wins face-off versus Ryan Craig in Demolitions zone.
10:39 of 1st period - Snap shot by Max Pacioretty.
10:39 of 1st period - Shot Misses the Net.
10:47 of 1st period - Snap shot by Troy Brouwer.
10:47 of 1st period - Shot Misses the Net.
10:49 of 1st period - Snap shot by Troy Brouwer.
10:49 of 1st period - Deflect By Brandon Bochenski.
10:49 of 1st period - Shot Misses the Net.
10:49 of 1st period - Puck is out of play.
10:50 of 1st period - Brad Richardson wins face-off versus Bryan Little in Sewer Rats zone.
10:51 of 1st period - Slapshot by Anthony Stewart.
10:51 of 1st period - Stopped by Jonas Gustavsson without a rebound.
10:52 of 1st period - Bryan Little wins face-off versus Brad Richardson in Sewer Rats zone.
11:03 of 1st period - Wrist shot by Max Pacioretty.
11:03 of 1st period - Shot Blocked by Taylor Chorney.
11:17 of 1st period - Mike Rathje is hit by Brandon Bochenski.
11:46 of 1st period - John-Michael Liles is hit by Dennis Seidenberg.
12:16 of 1st period - Nicolas Blanchard is hit by Max Pacioretty and loses puck.
12:33 of 1st period - John Erskine is hit by Brad Richardson and loses puck.
13:07 of 1st period - Wrist shot by Mark Mancari.
13:07 of 1st period - Shot Blocked by Brad Richardson.
13:09 of 1st period - Wrist shot by Ville Leino.
13:09 of 1st period - Stopped by Antero Niittymaki with a rebound.
13:11 of 1st period - Slapshot by John Erskine.
13:11 of 1st period - Deflect By Mark Mancari.
13:11 of 1st period - Shot Blocked by Anthony Stewart.
13:11 of 1st period - Puck is out of play.
13:12 of 1st period - Nicolas Blanchard wins face-off versus Bryan Little in Demolitions zone.
13:21 of 1st period - Slapshot by Max Pacioretty.
13:21 of 1st period - Stopped by Antero Niittymaki with a rebound.
13:23 of 1st period - Wrist shot by Bryan Little.
13:23 of 1st period - Shot Misses the Net.
13:37 of 1st period - Petr Vrana is hit by Vojtech Polak and loses puck.
13:44 of 1st period - Slapshot by Vojtech Polak.
13:44 of 1st period - Stopped by Antero Niittymaki without a rebound.
13:45 of 1st period - Brad Richardson wins face-off versus Bryan Little in Demolitions zone.
13:51 of 1st period - Wrist shot by Brad Richardson.
13:51 of 1st period - Stopped by Jonas Gustavsson with a rebound.
13:53 of 1st period - Snap shot by Marco Sturm.
13:53 of 1st period - Shot Misses the Net.
13:55 of 1st period - Wrist shot by Anthony Stewart.
13:55 of 1st period - Shot Misses the Net.
14:48 of 1st period - Kyle Wharton is hit by Mike Rathje and loses puck.
14:57 of 1st period - Wrist shot by Mark Mancari.
14:57 of 1st period - Stopped by Antero Niittymaki without a rebound.
14:58 of 1st period - Ryan Craig wins face-off versus Bryan Little in Demolitions zone.
15:05 of 1st period - Slapshot by Troy Brouwer.
15:05 of 1st period - Stopped by Jonas Gustavsson with a rebound.
15:07 of 1st period - Slapshot by Dennis Seidenberg.
15:07 of 1st period - Shot Misses the Net.
15:09 of 1st period - Snap shot by Brandon Bochenski.
15:09 of 1st period - Demolitions goal is going for a video replay.
15:09 of 1st period - The goal is good.
15:09 of 1st period - Goal by Brandon Bochenski - Sewer Rats : 0 - Demolitions : 1.
15:10 of 1st period - Max Pacioretty wins face-off versus Brad Richardson in neutral zone.
15:21 of 1st period - Snap shot by Max Pacioretty.
15:21 of 1st period - Shot Misses the Net.
15:23 of 1st period - Backhand shot by John-Michael Liles.
15:23 of 1st period - Shot Blocked by Anssi Salmela.
15:25 of 1st period - Snap shot by Kyle Okposo.
15:25 of 1st period - Shot Misses the Net.
16:59 of 1st period - Snap shot by Brandon Bochenski.
16:59 of 1st period - Shot Blocked by John Erskine.
17:29 of 1st period - Off-side.
17:30 of 1st period - Anthony Stewart wins face-off versus Bryan Little in neutral zone.
17:43 of 1st period - Off-side.
17:44 of 1st period - Ryan Craig wins face-off versus Bryan Little in neutral zone.
18:15 of 1st period - Slapshot by Brad Richardson.
18:15 of 1st period - Stopped by Jonas Gustavsson with a rebound.
18:51 of 1st period - Anssi Salmela is hit by Matt Lashoff.
19:17 of 1st period - Slapshot by Mark Mancari.
19:17 of 1st period - Shot Misses the Net.
19:47 of 1st period - Snap shot by Pat Rissmiller.
19:47 of 1st period - Stopped by Antero Niittymaki without a rebound.
19:48 of 1st period - Nicolas Blanchard wins face-off versus Derick Brassard in Demolitions zone.
2nd period
0:01 of 2nd period - Brad Richardson wins face-off versus Bryan Little in neutral zone.
0:08 of 2nd period - Minor Penalty to Max Pacioretty for Roughing.
0:09 of 2nd period - Brandon Sutter wins face-off versus Brad Richardson in Sewer Rats zone.
0:37 of 2nd period - Icing by Marco Sturm.
0:38 of 2nd period - Ryan Craig wins face-off versus Brandon Sutter in Demolitions zone.
0:45 of 2nd period - Snap shot by Brandon Bochenski.
0:45 of 2nd period - Shot Misses the Net.
0:47 of 2nd period - Snap shot by Troy Brouwer.
0:47 of 2nd period - Shot Misses the Net.
0:49 of 2nd period - Slapshot by Anssi Salmela.
0:49 of 2nd period - Deflect By Mike Rathje.
0:49 of 2nd period - Goal by Anssi Salmela - Sewer Rats : 0 - Demolitions : 2.
0:50 of 2nd period - Brad Richardson wins face-off versus Bryan Little in neutral zone.
1:17 of 2nd period - Troy Brouwer is hit by Pat Rissmiller and loses puck.
1:49 of 2nd period - Slapshot by Petr Vrana.
1:49 of 2nd period - Stopped by Jonas Gustavsson without a rebound.
1:50 of 2nd period - Bryan Little wins face-off versus Brad Richardson in Sewer Rats zone.
2:22 of 2nd period - Ryan Craig is hit by Pat Rissmiller and loses puck.
2:41 of 2nd period - Slapshot by John-Michael Liles.
2:41 of 2nd period - Stopped by Antero Niittymaki without a rebound.
2:42 of 2nd period - Brad Richardson wins face-off versus Lars Eller in Demolitions zone.
2:47 of 2nd period - Slapshot by Mike Rathje.
2:47 of 2nd period - Deflect By Derek Dorsett.
2:47 of 2nd period - Stopped by Antero Niittymaki without a rebound.
2:48 of 2nd period - Brad Richardson wins face-off versus Bryan Little in Demolitions zone.
2:48 of 2nd period - Brad Richardson is hit by Max Pacioretty.
2:51 of 2nd period - Icing by Anthony Stewart.
2:52 of 2nd period - Bryan Little wins face-off versus Brad Richardson in Demolitions zone.
2:53 of 2nd period - Wrist shot by Max Pacioretty.
2:53 of 2nd period - Stopped by Antero Niittymaki with a rebound.
2:59 of 2nd period - Wrist shot by Anthony Stewart.
2:59 of 2nd period - Stopped by Jonas Gustavsson without a rebound.
3:00 of 2nd period - Anthony Stewart wins face-off versus Bryan Little in Sewer Rats zone.
3:26 of 2nd period - Eric Fehr is hit by Troy Brouwer and loses puck.
3:31 of 2nd period - Snap shot by Troy Brouwer.
3:31 of 2nd period - Shot Blocked by Eric Fehr.
3:33 of 2nd period - Backhand shot by Anssi Salmela.
3:33 of 2nd period - Stopped by Jonas Gustavsson without a rebound.
3:34 of 2nd period - Ryan Craig wins face-off versus Bryan Little in Sewer Rats zone.
3:35 of 2nd period - Snap shot by Brandon Bochenski.
3:35 of 2nd period - Shot Misses the Net.
3:43 of 2nd period - Slapshot by Ryan Craig.
3:43 of 2nd period - Stopped by Jonas Gustavsson without a rebound.
3:44 of 2nd period - Ryan Craig wins face-off versus Bryan Little in Sewer Rats zone.
3:45 of 2nd period - Slapshot by Troy Brouwer.
3:45 of 2nd period - Shot Misses the Net.
3:47 of 2nd period - Snap shot by Troy Brouwer.
3:47 of 2nd period - Stopped by Jonas Gustavsson with a rebound.
3:49 of 2nd period - Wrist shot by Brandon Bochenski.
3:49 of 2nd period - Goal by Brandon Bochenski - Sewer Rats : 0 - Demolitions : 3.
3:50 of 2nd period - Brad Richardson wins face-off versus Bryan Little in neutral zone.
3:55 of 2nd period - Slapshot by Anthony Stewart.
3:55 of 2nd period - Shot Misses the Net.
3:57 of 2nd period - Snap shot by Marco Sturm.
3:57 of 2nd period - Shot Misses the Net.
3:59 of 2nd period - Slapshot by Dennis Seidenberg.
3:59 of 2nd period - Deflect By Brad Richardson.
3:59 of 2nd period - Shot Misses the Net.
3:59 of 2nd period - Puck is out of play.
4:00 of 2nd period - Brad Richardson wins face-off versus Bryan Little in Sewer Rats zone.
4:04 of 2nd period - Off-side.
4:05 of 2nd period - Brad Richardson wins face-off versus Bryan Little in neutral zone.
4:32 of 2nd period - Taylor Chorney is hit by Eric Fehr and loses puck.
4:37 of 2nd period - Slapshot by Derick Brassard.
4:37 of 2nd period - Stopped by Antero Niittymaki with a rebound.
4:39 of 2nd period - Slapshot by John-Michael Liles.
4:39 of 2nd period - Shot Blocked by Brandon Bochenski.
5:27 of 2nd period - Minor Penalty to Brad Richardson for Boarding.
5:28 of 2nd period - Bryan Little wins face-off versus Nicolas Blanchard in Demolitions zone.
6:23 of 2nd period - Dennis Seidenberg is hit by Bryan Little and loses puck.
7:27 of 2nd period - Penalty to Brad Richardson is over, Brad Richardson is back on ice.
7:57 of 2nd period - Derek Dorsett is hit by Ryan Craig and loses puck.
8:24 of 2nd period - Snap shot by Derek Dorsett.
8:24 of 2nd period - Stopped by Antero Niittymaki without a rebound.
8:25 of 2nd period - Ryan Craig wins face-off versus Bryan Little in Demolitions zone.
8:38 of 2nd period - Wrist shot by Bryan Little.
8:38 of 2nd period - Shot Misses the Net.
8:46 of 2nd period - Jonathan Paiement is hit by Dennis Seidenberg and loses puck.
8:57 of 2nd period - Brad Richardson is hit by Derick Brassard and loses puck.
9:06 of 2nd period - Snap shot by Derick Brassard.
9:06 of 2nd period - Shot Blocked by Masi Marjamaki.
9:53 of 2nd period - Minor Penalty to Steven Kampfer for Tripping.
9:54 of 2nd period - Brandon Sutter wins face-off versus Ryan Craig in Sewer Rats zone.
10:05 of 2nd period - Snap shot by Brandon Bochenski.
10:05 of 2nd period - Goal by Brandon Bochenski - Sewer Rats : 0 - Demolitions : 4.
10:05 of 2nd period - Jhonas Enroth enters game.
10:06 of 2nd period - Bryan Little wins face-off versus Brad Richardson in neutral zone.
10:31 of 2nd period - Derick Brassard is hit by Marc-André Bernier.
11:14 of 2nd period - Vojtech Polak is hit by Brad Richardson and loses puck.
11:48 of 2nd period - Anssi Salmela is hit by Jonathan Paiement and loses puck.
12:01 of 2nd period - Wrist shot by Pat Rissmiller.
12:01 of 2nd period - Stopped by Antero Niittymaki without a rebound.
12:02 of 2nd period - Derick Brassard wins face-off versus Ryan Craig in Demolitions zone.
12:12 of 2nd period - Off-side.
12:13 of 2nd period - Brad Richardson wins face-off versus Bryan Little in neutral zone.
12:15 of 2nd period - Taylor Chorney is hit by Kyle Okposo and loses puck.
12:23 of 2nd period - Minor Penalty to Taylor Chorney for Roughing.
12:23 of 2nd period - Minor Penalty to Bryan Little for Interference.
12:24 of 2nd period - Derick Brassard wins face-off versus Brad Richardson in Demolitions zone.
12:37 of 2nd period - Slapshot by Derick Brassard.
12:37 of 2nd period - Shot Misses the Net.
12:39 of 2nd period - Wrist shot by Eric Fehr.
12:39 of 2nd period - Goal by Eric Fehr - Sewer Rats : 1 - Demolitions : 4.
12:40 of 2nd period - Derick Brassard wins face-off versus Brad Richardson in neutral zone.
12:51 of 2nd period - Snap shot by Derick Brassard.
12:51 of 2nd period - Stopped by Antero Niittymaki with a rebound.
12:53 of 2nd period - Slapshot by John Erskine.
12:53 of 2nd period - Stopped by Antero Niittymaki with a rebound.
12:55 of 2nd period - Wrist shot by Derick Brassard.
12:55 of 2nd period - Stopped by Antero Niittymaki without a rebound.
12:56 of 2nd period - Derick Brassard wins face-off versus Brad Richardson in Demolitions zone.
13:05 of 2nd period - Slapshot by Dennis Seidenberg.
13:05 of 2nd period - Deflect By Mike Rathje.
13:05 of 2nd period - Stopped by Jhonas Enroth with a rebound.
14:17 of 2nd period - Backhand shot by Marc-André Bernier.
14:17 of 2nd period - Stopped by Jhonas Enroth without a rebound.
14:18 of 2nd period - Derick Brassard wins face-off versus Brad Richardson in Sewer Rats zone.
14:23 of 2nd period - Penalty to Taylor Chorney is over, Taylor Chorney is back on ice.
14:23 of 2nd period - Penalty to Bryan Little is over, Bryan Little is back on ice.
15:01 of 2nd period - Mark Mancari is hit by Nicolas Blanchard and loses puck.
15:10 of 2nd period - Petr Vrana is hit by Kyle Quincey and loses puck.
15:15 of 2nd period - Wrist shot by Ville Leino.
15:15 of 2nd period - Shot Blocked by Petr Vrana.
15:17 of 2nd period - Slapshot by Ville Leino.
15:17 of 2nd period - Shot Blocked by Anssi Salmela.
15:19 of 2nd period - Slapshot by Kyle Quincey.
15:19 of 2nd period - Stopped by Antero Niittymaki without a rebound.
15:20 of 2nd period - Bryan Little wins face-off versus Anthony Stewart in Demolitions zone.
15:45 of 2nd period - Troy Brouwer is hit by Eric Fehr.
16:07 of 2nd period - Vojtech Polak is hit by Dennis Seidenberg and loses puck.
16:18 of 2nd period - Wrist shot by Derek Dorsett.
16:18 of 2nd period - Shot Misses the Net.
16:34 of 2nd period - Snap shot by Bryan Little.
16:34 of 2nd period - Stopped by Antero Niittymaki without a rebound.
16:35 of 2nd period - Brad Richardson wins face-off versus Bryan Little in Demolitions zone.
16:46 of 2nd period - John-Michael Liles is hit by Dennis Seidenberg and loses puck.
17:19 of 2nd period - Snap shot by Bryan Little.
17:19 of 2nd period - Shot Misses the Net.
17:21 of 2nd period - Snap shot by Max Pacioretty.
17:21 of 2nd period - Stopped by Antero Niittymaki with a rebound.
17:23 of 2nd period - Slapshot by John-Michael Liles.
17:23 of 2nd period - Stopped by Antero Niittymaki without a rebound.
17:24 of 2nd period - Derick Brassard wins face-off versus Brad Richardson in Demolitions zone.
17:25 of 2nd period - Wrist shot by Eric Fehr.
17:25 of 2nd period - Shot Misses the Net.
17:37 of 2nd period - Snap shot by Brad Richardson.
17:37 of 2nd period - Deflect By Anthony Stewart.
17:37 of 2nd period - Shot Misses the Net.
17:37 of 2nd period - Puck is out of play.
17:38 of 2nd period - Brad Richardson wins face-off versus Derick Brassard in Sewer Rats zone.
17:49 of 2nd period - Marco Sturm is hit by Kyle Quincey and loses puck.
18:04 of 2nd period - Kyle Quincey is hit by Ryan Craig and loses puck.
18:19 of 2nd period - Taylor Chorney is hit by John-Michael Liles and loses puck.
18:38 of 2nd period - Backhand shot by Matt Lashoff.
18:38 of 2nd period - Stopped by Antero Niittymaki without a rebound.
18:39 of 2nd period - Derick Brassard wins face-off versus Brad Richardson in Demolitions zone.
18:40 of 2nd period - Wrist shot by Eric Fehr.
18:40 of 2nd period - Stopped by Antero Niittymaki without a rebound.
18:41 of 2nd period - Derick Brassard wins face-off versus Brad Richardson in Demolitions zone.
18:48 of 2nd period - Snap shot by Pat Rissmiller.
18:48 of 2nd period - Shot Blocked by Brad Richardson.
18:50 of 2nd period - Wrist shot by Pat Rissmiller.
18:50 of 2nd period - Stopped by Antero Niittymaki with a rebound.
19:08 of 2nd period - Icing by Kyle Okposo.
19:09 of 2nd period - Ryan Craig wins face-off versus Bryan Little in Sewer Rats zone.
19:34 of 2nd period - Matt Lashoff is hit by Marco Sturm.
19:38 of 2nd period - Snap shot by Anthony Stewart.
19:38 of 2nd period - Stopped by Jhonas Enroth with a rebound.
19:39 of 2nd period - Minor Penalty to John-Michael Liles for Tripping.
19:40 of 2nd period - Brandon Sutter wins face-off versus Brad Richardson in Sewer Rats zone.
19:40 of 2nd period - Brandon Sutter is hit by Taylor Chorney.
3rd period
0:01 of 3rd period - Brad Richardson wins face-off versus Brandon Sutter in neutral zone.
0:04 of 3rd period - John Erskine is hit by Marco Sturm and loses puck.
0:09 of 3rd period - Slapshot by Marco Sturm.
0:09 of 3rd period - Shot Misses the Net.
0:11 of 3rd period - Slapshot by Anthony Stewart.
0:11 of 3rd period - Deflect By Niko Dimitrakos.
0:11 of 3rd period - Shot Misses the Net.
0:11 of 3rd period - Puck is out of play.
0:12 of 3rd period - Brad Richardson wins face-off versus Brandon Sutter in Sewer Rats zone.
0:15 of 3rd period - Snap shot by Anthony Stewart.
0:15 of 3rd period - Stopped by Jhonas Enroth with a rebound.
0:17 of 3rd period - Snap shot by Brad Richardson.
0:17 of 3rd period - Stopped by Jhonas Enroth with a rebound.
0:19 of 3rd period - Wrist shot by Brad Richardson.
0:19 of 3rd period - Shot Blocked by Brandon Sutter.
0:23 of 3rd period - Wrist shot by Anthony Stewart.
0:23 of 3rd period - Shot Blocked by Brandon Sutter.
0:25 of 3rd period - Slapshot by Dennis Seidenberg.
0:25 of 3rd period - Shot Misses the Net.
0:27 of 3rd period - Snap shot by Brad Richardson.
0:27 of 3rd period - Deflect By Anthony Stewart.
0:27 of 3rd period - Stopped by Jhonas Enroth without a rebound.
0:28 of 3rd period - Brandon Sutter wins face-off versus Brad Richardson in Sewer Rats zone.
0:38 of 3rd period - Off-side.
0:39 of 3rd period - Brad Richardson wins face-off versus Brandon Sutter in neutral zone.
0:42 of 3rd period - Wrist shot by Anthony Stewart.
0:42 of 3rd period - Deflect By Matt Lashoff.
0:42 of 3rd period - Shot Blocked by John Erskine.
0:42 of 3rd period - Puck is out of play.
0:43 of 3rd period - Brandon Sutter wins face-off versus Anthony Stewart in Sewer Rats zone.
1:03 of 3rd period - Minor Penalty to Troy Brouwer for Holding.
1:04 of 3rd period - Derick Brassard wins face-off versus Brad Richardson in Demolitions zone.
1:11 of 3rd period - Wrist shot by Eric Fehr.
1:11 of 3rd period - Deflect By Derick Brassard.
1:11 of 3rd period - Shot Blocked by Taylor Chorney.
1:11 of 3rd period - Puck is out of play.
1:12 of 3rd period - Derick Brassard wins face-off versus Brad Richardson in Demolitions zone.
1:13 of 3rd period - Wrist shot by Eric Fehr.
1:13 of 3rd period - Shot Misses the Net.
1:39 of 3rd period - Penalty to John-Michael Liles is over, John-Michael Liles is back on ice.
2:11 of 3rd period - Kyle Okposo is hit by Ryan Craig and loses puck.
2:48 of 3rd period - Taylor Chorney is hit by John-Michael Liles and loses puck.
3:03 of 3rd period - Penalty to Troy Brouwer is over, Troy Brouwer is back on ice.
3:11 of 3rd period - Wrist shot by Derek Dorsett.
3:11 of 3rd period - Stopped by Antero Niittymaki with a rebound.
3:21 of 3rd period - Minor Penalty to Lars Eller for Roughing.
3:22 of 3rd period - Ryan Craig wins face-off versus Brandon Sutter in Sewer Rats zone.
3:23 of 3rd period - Wrist shot by Brandon Bochenski.
3:23 of 3rd period - Stopped by Jhonas Enroth without a rebound.
3:24 of 3rd period - Ryan Craig wins face-off versus Niko Dimitrakos in Sewer Rats zone.
3:27 of 3rd period - Snap shot by Brandon Bochenski.
3:27 of 3rd period - Shot Misses the Net.
3:29 of 3rd period - Slapshot by Taylor Chorney.
3:29 of 3rd period - Deflect By Troy Brouwer.
3:29 of 3rd period - Shot Misses the Net.
3:29 of 3rd period - Puck is out of play.
3:30 of 3rd period - Ryan Craig wins face-off versus Brandon Sutter in Sewer Rats zone.
3:31 of 3rd period - Slapshot by Dennis Seidenberg.
3:31 of 3rd period - Stopped by Jhonas Enroth with a rebound.
3:39 of 3rd period - Snap shot by Troy Brouwer.
3:39 of 3rd period - Stopped by Jhonas Enroth without a rebound.
3:40 of 3rd period - Brad Richardson wins face-off versus Brandon Sutter in Sewer Rats zone.
3:45 of 3rd period - Slapshot by Brad Richardson.
3:45 of 3rd period - Shot Misses the Net.
3:47 of 3rd period - Backhand shot by Dennis Seidenberg.
3:47 of 3rd period - Deflect By Brad Richardson.
3:47 of 3rd period - Shot Blocked by John Erskine.
3:47 of 3rd period - Puck is out of play.
3:48 of 3rd period - Brad Richardson wins face-off versus Brandon Sutter in Sewer Rats zone.
4:01 of 3rd period - Snap shot by Dennis Seidenberg.
4:01 of 3rd period - Deflect By Anthony Stewart.
4:01 of 3rd period - Goal by Anthony Stewart - Sewer Rats : 1 - Demolitions : 5.
4:02 of 3rd period - Brad Richardson wins face-off versus Bryan Little in neutral zone.
4:05 of 3rd period - Snap shot by Brad Richardson.
4:05 of 3rd period - Shot Misses the Net.
4:07 of 3rd period - Wrist shot by Marco Sturm.
4:07 of 3rd period - Shot Blocked by John-Michael Liles.
4:09 of 3rd period - Wrist shot by Brad Richardson.
4:09 of 3rd period - Stopped by Jhonas Enroth with a rebound.
4:11 of 3rd period - Snap shot by Anthony Stewart.
4:11 of 3rd period - Shot Misses the Net.
4:13 of 3rd period - Wrist shot by Marco Sturm.
4:13 of 3rd period - Stopped by Jhonas Enroth without a rebound.
4:14 of 3rd period - Marco Sturm wins face-off versus Bryan Little in Sewer Rats zone.
4:59 of 3rd period - Wrist shot by Marc-André Bernier.
4:59 of 3rd period - Shot Hit the Post.
5:50 of 3rd period - Kyle Okposo is hit by Ryan Craig.
6:26 of 3rd period - Icing by Mark Mancari.
6:27 of 3rd period - Brad Richardson wins face-off versus Brandon Sutter in Sewer Rats zone.
6:30 of 3rd period - Slapshot by Anthony Stewart.
6:30 of 3rd period - Shot Misses the Net.
6:32 of 3rd period - Slapshot by Taylor Chorney.
6:32 of 3rd period - Shot Misses the Net.
6:34 of 3rd period - Slapshot by Dennis Seidenberg.
6:34 of 3rd period - Shot Blocked by Mike Rathje.
6:36 of 3rd period - Slapshot by Anthony Stewart.
6:36 of 3rd period - Stopped by Jhonas Enroth with a rebound.
6:38 of 3rd period - Slapshot by Dennis Seidenberg.
6:38 of 3rd period - Stopped by Jhonas Enroth with a rebound.
6:57 of 3rd period - Snap shot by Ville Leino.
6:57 of 3rd period - Stopped by Antero Niittymaki without a rebound.
6:58 of 3rd period - Anthony Stewart wins face-off versus Bryan Little in Demolitions zone.
7:05 of 3rd period - Wrist shot by Brad Richardson.
7:05 of 3rd period - Shot Blocked by John-Michael Liles.
7:30 of 3rd period - Wrist shot by Derick Brassard.
7:30 of 3rd period - Shot Blocked by Anssi Salmela.
7:32 of 3rd period - Wrist shot by Derick Brassard.
7:32 of 3rd period - Shot Hit the Post.
8:04 of 3rd period - Kyle Quincey is hit by Brad Richardson and loses puck.
8:46 of 3rd period - Snap shot by Brandon Bochenski.
8:46 of 3rd period - Stopped by Jhonas Enroth with a rebound.
8:48 of 3rd period - Snap shot by Marc-André Bernier.
8:48 of 3rd period - Stopped by Jhonas Enroth with a rebound.
8:50 of 3rd period - Snap shot by Marc-André Bernier.
8:50 of 3rd period - Shot Misses the Net.
8:52 of 3rd period - Snap shot by Petr Vrana.
8:52 of 3rd period - Goal by Petr Vrana - Sewer Rats : 1 - Demolitions : 6.
8:53 of 3rd period - Brad Richardson wins face-off versus Bryan Little in neutral zone.
9:12 of 3rd period - John-Michael Liles is hit by Brad Richardson and loses puck.
9:49 of 3rd period - John-Michael Liles is hit by Nicolas Blanchard and loses puck.
10:33 of 3rd period - Minor Penalty to Mike Rathje for Hooking.
10:34 of 3rd period - Brad Richardson wins face-off versus Brandon Sutter in Sewer Rats zone.
11:47 of 3rd period - Brad Richardson is hit by John-Michael Liles.
12:13 of 3rd period - Taylor Chorney is hit by Kyle Quincey and loses puck.
12:33 of 3rd period - Penalty to Mike Rathje is over, Mike Rathje is back on ice.
12:44 of 3rd period - Backhand shot by Kyle Quincey.
12:44 of 3rd period - Stopped by Antero Niittymaki with a rebound.
13:05 of 3rd period - Icing by Masi Marjamaki.
13:06 of 3rd period - Bryan Little wins face-off versus James Sheppard in Demolitions zone.
13:43 of 3rd period - Eric Fehr is hit by Dennis Seidenberg and loses puck.
13:58 of 3rd period - Eric Fehr is hit by Anthony Stewart and loses puck.
14:05 of 3rd period - Slapshot by John-Michael Liles.
14:05 of 3rd period - Deflect By Petr Vrana.
14:05 of 3rd period - Stopped by Antero Niittymaki without a rebound.
14:06 of 3rd period - Nicolas Blanchard wins face-off versus Bryan Little in Demolitions zone.
14:10 of 3rd period - Minor Penalty to Anssi Salmela for Holding.
14:11 of 3rd period - Bryan Little wins face-off versus Brad Richardson in Demolitions zone.
14:43 of 3rd period - Off-side.
14:44 of 3rd period - Derick Brassard wins face-off versus Ryan Craig in neutral zone.
14:59 of 3rd period - Slapshot by Mike Rathje.
14:59 of 3rd period - Shot Misses the Net.
15:10 of 3rd period - Minor Penalty to Bryan Little for Elbowing.
15:11 of 3rd period - Derick Brassard wins face-off versus Brad Richardson in Sewer Rats zone.
16:10 of 3rd period - Penalty to Anssi Salmela is over, Anssi Salmela is back on ice.
17:10 of 3rd period - Penalty to Bryan Little is over, Bryan Little is back on ice.
17:24 of 3rd period - Slapshot by Eric Fehr.
17:24 of 3rd period - Stopped by Antero Niittymaki without a rebound.
17:25 of 3rd period - Nicolas Blanchard wins face-off versus Derick Brassard in Demolitions zone.
17:30 of 3rd period - Snap shot by Pat Rissmiller.
17:30 of 3rd period - Shot Misses the Net.
17:32 of 3rd period - Slapshot by Kyle Quincey.
17:32 of 3rd period - Stopped by Antero Niittymaki without a rebound.
17:33 of 3rd period - Bryan Little wins face-off versus Nicolas Blanchard in Demolitions zone.
18:17 of 3rd period - Minor Penalty to Troy Brouwer for Hooking.
18:18 of 3rd period - Bryan Little wins face-off versus Brad Richardson in Demolitions zone.
18:31 of 3rd period - Wrist shot by Bryan Little.
18:31 of 3rd period - Shot Misses the Net.
18:49 of 3rd period - Wrist shot by Pat Rissmiller.
18:49 of 3rd period - Shot Blocked by Taylor Chorney.
18:51 of 3rd period - Wrist shot by Kyle Okposo.
18:51 of 3rd period - Shot Blocked by Taylor Chorney.
18:53 of 3rd period - Slapshot by John-Michael Liles.
18:53 of 3rd period - Deflect By Derick Brassard.
18:53 of 3rd period - Deflect By Dennis Seidenberg.
18:53 of 3rd period - Shot Misses the Net.
18:53 of 3rd period - Puck is out of play.
18:54 of 3rd period - Anthony Stewart wins face-off versus Bryan Little in Demolitions zone.
19:54 of 3rd period - Icing by Kyle Quincey.
19:55 of 3rd period - Derick Brassard wins face-off versus Nicolas Blanchard in Sewer Rats zone.
Output by the SimonT Hockey Simulator (STHS) for François Prévost -- Original Page W3C XHTML 1.0 Valid